 Dungeon Crawl Stone Soup version 0.23-a0-169-gb21e695 (webtiles) character file.

1185 grindst0ne the Chopper (level 7, -4/64 HPs)
             Began as a Demigod Gladiator on Sept 11, 2018.
             Slain by Blork the orc
             ... wielding a +5 halberd of protection
              (5 damage)
             ... on level 5 of the Dungeon.
             The game lasted 00:08:23 (5003 turns).

grindst0ne the Chopper (Demigod Gladiator)          Turns: 5003, Time: 00:08:23

Health: -4/64      AC: 10    Str: 21    XL:     7   Next: 99%
Magic:  9/9        EV:  8    Int: 12    God:
Gold:   244        SH:  0    Dex: 17    Spells: 6/6 levels left

rFire    . . .     SeeInvis +   a - +0 war axe
rCold    + . .     Gourm    .   (no shield)
rNeg     . . .     Faith    .   w - +0 chain mail
rPois    .         Spirit   .   c - +0 helmet
rElec    .         Reflect  .   s - scarf {repulsion}
rCorr    .         Harm     .   g - +0 pair of gloves
MR       .....                  (no boots)
Stlth    ..........             (no amulet)
HPRegen  0.20/turn              q - ring of see invisible
MPRegen  0.11/turn              u - ring of protection from cold

@: drained, repel missiles
A: high mp 1
a: no special abilities


You were on level 5 of the Dungeon.
You were not hungry.

You visited 1 branch of the dungeon, and saw 5 of its levels.

You collected 244 gold pieces.

Inventory:

Hand Weapons
 a - a +0 war axe (weapon)
Missiles
 d - 3 throwing nets (quivered)
Armour
 b - a +0 leather armour
 c - a +0 helmet (worn)
 g - a +0 pair of gloves (worn)
 p - a +0 ring mail
 s - a scarf of repulsion (worn)
 w - a +0 chain mail (worn)
Jewellery
 q - a ring of see invisible (left hand)
 u - a ring of protection from cold (right hand)
Scrolls
 e - a scroll of amnesia
 h - a scroll of immolation
 i - a scroll of random uselessness {unknown}
 j - a scroll of blinking {unknown}
 k - a scroll of enchant weapon {unknown}
 l - 2 scrolls of enchant armour {unknown}
 m - a scroll of teleportation {unknown}
 n - a scroll of fear
 o - a scroll of remove curse {unknown}
 t - 2 scrolls of magic mapping
 v - a scroll of fog
Potions
 r - a potion of brilliance
Comestibles
 f - 12 rations
 x - 4 chunks of flesh


   Skills:
 + Level 6.5(6.2) Fighting
 + Level 6.9(6.6) Axes
 - Level 1.7(1.5) Throwing
 - Level 2.6(2.4) Dodging


You had 6 spell levels left.
You didn't know any spells.
Your spell library was empty.

Dungeon Overview and Level Annotations

Branches:
Dungeon (5/15)
 Temple: D:4-7

Annotations:
D:5 Blork the orc, Menkaure


Innate Abilities, Weirdness & Mutations

You have an increased reservoir of magic. (+10% MP)


Message History

You closely miss Blork the orc.
Blork the orc is severely wounded.
Blork the orc hits you with a halberd of protection!
* * * LOW HITPOINT WARNING * * *
Blork the orc hits you with a halberd of protection!
* * * LOW HITPOINT WARNING * * *
You hit Blork the orc but do no damage.
Blork the orc is severely wounded.
Blork the orc screams, "I'll cover the dungeon with your blood!"
Blork the orc barely misses you.
Okay, then.
You hit Blork the orc but do no damage.
Blork the orc is severely wounded.
Blork the orc hits you with a halberd of protection!
* * * LOW HITPOINT WARNING * * *
Blork the orc hits you but does no damage.
You closely miss Blork the orc.
Blork the orc is severely wounded.
Blork the orc hits you with a halberd of protection.
You die...

##############
#.......@o...##########
#.#######.............#
#.##.########.# #.##.# #.#
..####.##.########(###
............................†.
)............#.##...)..(##..##
..o..........#.##...........##
...o.o...............#####....


You could see Blork the orc (invisible).

Vanquished Creatures
  Eustachio (D:5)
  A sky beast (D:5)
  2 ogres
  A scorpion (D:5)
  A howler monkey (D:4)
  A crimson imp (D:5)
  4 hounds
  An orc priest (D:5)
  4 orc wizards
  A bullfrog skeleton (D:5)
  A worker ant (D:4)
  A killer bee zombie (D:3)
  2 hound skeletons (D:5)
  A worker ant zombie (D:5)
  8 gnolls
  9 adders
  An ooze (D:2)
  4 worms
  3 dart slugs
  7 leopard geckos
  13 orcs
  3 ball pythons
  10 bats
  5 giant cockroaches
  13 goblins
  8 hobgoblins
  7 jackals (D:4)
  7 kobolds
  2 quokkas
  A ball python zombie (D:5)
  9 frilled lizards
  9 rats
141 creatures vanquished.

Notes
Turn   | Place    | Note
-------+----------+-------------------------------------------
     0 | D:1      | grindst0ne the Demigod Gladiator began the quest for the
                  | Orb.
     0 | D:1      | Reached XP level 1. HP: 17/17 MP: 3/3
   152 | D:1      | Reached XP level 2. HP: 18/24 MP: 4/4
   576 | D:1      | Reached XP level 3. HP: 30/30 MP: 5/5
  1114 | D:2      | Reached XP level 4. HP: 38/38 MP: 6/6
  1754 | D:3      | Reached XP level 5. HP: 18/46 MP: 7/7
  2025 | D:3      | Found a shimmering altar of Xom.
  2026 | D:3      | Found a shimmering altar of Xom.
  2033 | D:3      | Found a shimmering altar of Xom.
  2033 | D:3      | Found a shimmering altar of Xom.
  2034 | D:3      | Found a shimmering altar of Xom.
  2034 | D:3      | Found a shimmering altar of Xom.
  2034 | D:3      | Found a shimmering altar of Xom.
  2035 | D:3      | Found a shimmering altar of Xom.
  2594 | D:4      | Noticed an ogre
  2652 | D:4      | Killed an ogre
  2711 | D:4      | Reached XP level 6. HP: 42/53 MP: 8/8
  2738 | D:4      | Reached skill level 5 in Axes
  3307 | D:4      | Reached skill level 5 in Fighting
  3477 | D:4      | Found a shadowy altar of Dithmenos.
  3966 | D:5      | Entered Level 5 of the Dungeon
  4284 | D:5      | Reached XP level 7. HP: 44/61 MP: 9/9
  4401 | D:5      | Found an opulent altar of Gozag.
  4429 | D:5      | Noticed Menkaure
  4440 | D:5      | Noticed Blork the orc
  4802 | D:5      | Noticed Eustachio
  4848 | D:5      | Killed Eustachio
  5002 | D:5      | HP: 1/64 [Blork the orc/halberd of protection (7)]
  5003 | D:5      | Slain by Blork the orc

Vault maps used:
D:1:      minmay_arrival_jagged, minmay_pentomino_x4
D:2:      kennysheep_the_goblin_king
D:3:      solitary_fountain, xom_redecorated
D:4:      marbit_many_paths, first_ration
D:5:      nicolae_gozag_seed_capital, uniq_eustachio, uniq_blork_the_orc,
          uniq_menkaure

Skill      XL: |  1  2  3  4  5  6  7 |
---------------+----------------------+-----
Fighting       | 2 3 4 5 6 |  6.5
Axes           | 3 4 5 6 |  6.9
Throwing       | |  1.7
Dodging        | |  2.6

Action                   |  1- 3 |  4- 6 |  7- 9 || total
-------------------------+-------+-------+-------++-------
Melee: War axe           |   120 |   241 |   130 ||   491
Throw: Throwing net      |       |       |     1 ||     1
  Use: Potion            |       |     7 |       ||     7
       Scroll            |       |     8 |       ||     8
 Stab: Sleeping          |     1 |       |       ||     1
       Held in net/web   |       |       |     1 ||     1
  Eat: Chunk             |     1 |    10 |     3 ||    14
Armor: Leather armour    |    19 |       |       ||    19
       Ring mail         |    27 |    36 |       ||    63
       Chain mail        |       |   103 |    60 ||   163
Dodge: Dodged            |   120 |   136 |    56 ||   312
       Deflected         |       |       |     3 ||     3

Table legend:
 A = Non-vault XP
 B = Vault XP
 C = Vault XP percentage of total XP
 D = Non-vault monster count
 E = Vault monster count
 F = Vault count percentage of total count
                 A         B        C        D         E       F
            +---------+---------+-------+---------+---------+-------
      Total |    1434 |     259 |  15.3 |     128 |      13 |   9.2
            +---------+---------+-------+---------+---------+-------
        D:1 |      59 |       7 |  10.6 |      26 |       4 |  13.3
        D:2 |      98 |      14 |  12.5 |      26 |       7 |  21.2
        D:3 |      86 |       0 |   0.0 |      16 |       0 |   0.0
        D:4 |     570 |      42 |   6.9 |      37 |       1 |   2.6
        D:5 |     621 |     196 |  24.0 |      23 |       1 |   4.2
            +---------+---------+-------+---------+---------+-------
